AoeStats
← 江哥

Arena

510565081Analyzed
4v4 RM · 15h ago on Oct 1, 2026· 51m 51s· 8 players
Game mode
Random Map
Map size
Large (8 player)
Population
200
Speed
Normal
Resources
Standard
Victory
Conquest
Starting age
Dark Age
Ending age
Imperial Age
RankedLock teamsTeams togetherTeam positionsShared explorationLock speedFull tech treeHidden civsTurbo modeCheats
Victory
Defeat
🇨🇳 Bohemians · China
1479
+16
🇨🇳 Georgians · China
1455
+17
🇦🇷 Turks · Argentina
1439
+17
🇨🇳 Jurchens · China
1423
+18
🇺🇸 Goths · United States
1514
-18
🇧🇷 Britons · Brazil
1486
-18
🇨🇳 Persians · China
1484
-18
🇪🇸 Burgundians · Spain
1391
-14
Alvaro
11:08 Feudal Age
12:06 Double-Bit Axe
14:52 Castle Age
13:11 Horse Collar
17:25 Stone Mining
17:46 Loom
21:48 Bow Saw
22:31 Heavy Plow
22:23 Gold Mining
24:03 Wheelbarrow
25:46 Hand Cart
25:18 Town Watch
29:08 Imperial Age
27:14 Scale Barding Armor
30:23 Padded Archer Armor
31:49 Bloodlines
31:39 Husbandry
31:55 Leather Archer Armor
32:40 Artillery
35:36 Conscription
37:39 Ring Archer Armor
45:25 Chain Barding Armor
45:16 Forging
46:48 Plate Barding Armor
50:01 Iron Casting
51:43 Blast Furnace
很蓝的啦
10:51 Feudal Age
11:57 Double-Bit Axe
12:19 Gold Mining
15:04 Castle Age
12:59 Horse Collar
16:10 Bow Saw
16:10 Heavy Plow
17:53 Wheelbarrow
21:03 Loom
21:03 Town Watch
21:35 Stone Mining
23:37 Stone Shaft Mining
24:48 Gold Shaft Mining
25:28 Scale Barding Armor
25:33 Forging
26:01 Fervor
26:32 Forging
26:58 Hand Cart
26:43 Town Patrol
28:48 Chain Barding Armor
29:03 Iron Casting
31:08 Imperial Age
29:11 Scale Mail Armor
30:41 Treadmill Crane
31:21 Ballistics
31:07 Siege Engineers
31:23 Bloodlines
31:13 Husbandry
32:55 Conscription
32:08 Elite Iron Pagoda
32:42 Light Cavalry
34:37 Plate Barding Armor
35:28 Crop Rotation
36:14 Blast Furnace
36:33 Padded Archer Armor
37:59 Chemistry
38:32 Hussar
42:34 Thunderclap Bombs
44:33 Caravan
48:41 Elite Skirmisher
50:32 Coinage
50:12 Guilds
52:31 Leather Archer Armor
52:32 Chain Mail Armor
江哥
9:56 Feudal Age
13:43 Castle Age
12:02 Double-Bit Axe
12:57 Horse Collar
16:20 Fervor
16:40 Loom
20:19 Wheelbarrow
21:51 Town Watch
22:54 Fletching
25:33 Bow Saw
29:39 Imperial Age
27:24 Hand Cart
28:01 Hand Cart
28:56 Chemistry
29:15 Padded Archer Armor
29:39 Ballistics
30:47 Conscription
31:18 Leather Archer Armor
32:10 Two-Man Saw
31:44 Guard Tower
33:25 Masonry
34:40 Keep
34:08 Pikeman
35:27 Squires
35:27 Scale Mail Armor
37:41 Ring Archer Armor
37:28 Chain Mail Armor
38:11 Halberdier
39:02 Forging
40:02 Houfnice
41:47 Plate Mail Armor
41:52 Iron Casting
41:36 Arrowslits
46:50 Architecture
48:35 Blast Furnace
47:31 Bodkin Arrow
47:42 Scale Barding Armor
47:48 Siege Engineers
49:07 Murder Holes
49:23 Fortified Wall
世一上、
11:08 Feudal Age
12:03 Double-Bit Axe
12:24 Horse Collar
15:17 Castle Age
16:17 Bow Saw
20:53 Wheelbarrow
20:49 Stone Mining
22:27 Loom
23:50 Gold Mining
27:47 Stone Shaft Mining
30:17 Imperial Age
28:04 Hand Cart
27:37 Town Watch
28:04 Heavy Plow
28:19 Scale Barding Armor
30:44 Chain Barding Armor
30:34 Forging
31:24 Conscription
30:29 Elite Monaspa
31:44 Bloodlines
31:54 Husbandry
33:27 Iron Casting
33:49 Crop Rotation
33:47 Aznauri Cavalry
33:48 Svan Towers
35:12 Plate Barding Armor
35:38 Blast Furnace
38:57 Hoardings
38:45 Ballistics
38:36 Masonry
38:07 Treadmill Crane
39:04 Light Cavalry
41:27 Coinage
41:37 Guilds
40:53 Hussar
41:27 Guard Tower
Silence
11:17 Feudal Age
12:04 Double-Bit Axe
14:51 Castle Age
12:57 Horse Collar
17:35 Forging
17:30 Scale Mail Armor
21:12 Chain Mail Armor
23:24 Forging
24:46 Heavy Plow
25:01 Bow Saw
28:32 Wheelbarrow
28:57 Gold Mining
32:48 Imperial Age
30:05 Loom
30:15 Stone Mining
31:18 Iron Casting
30:54 Pikeman
32:46 Fletching
34:40 Blast Furnace
34:03 Conscription
33:44 Bodkin Arrow
33:22 Elite Skirmisher
34:10 Padded Archer Armor
35:12 Chemistry
34:23 Masonry
34:06 Halberdier
40:11 Ballistics
40:33 Bracer
41:41 Leather Archer Armor
42:45 Treadmill Crane
47:15 Ring Archer Armor
DK_Grunchito
7:08 Double-Bit Axe
11:15 Feudal Age
14:59 Castle Age
15:49 Wheelbarrow
18:09 Bow Saw
17:46 Horse Collar
20:03 Hand Cart
20:39 Stone Mining
20:40 Gold Mining
22:27 Gold Shaft Mining
22:28 Stone Shaft Mining
28:42 Imperial Age
27:15 Two-Man Saw
26:18 Heavy Plow
27:23 Forging
27:14 Loom
27:14 Town Watch
29:04 Crop Rotation
29:18 Scale Barding Armor
29:49 Iron Casting
29:34 Burgundian Vineyards
30:04 Conscription
29:13 Cavalier
29:53 Husbandry
32:01 Paladin
34:47 Chemistry
35:33 Blast Furnace
34:53 Chain Barding Armor
39:08 Plate Barding Armor
41:41 Fortified Wall
42:15 Light Cavalry
44:06 Hussar
Fs.Carniça
10:15 Feudal Age
14:00 Castle Age
12:08 Double-Bit Axe
12:30 Horse Collar
13:27 Gold Mining
14:56 Bow Saw
15:09 Loom
22:12 Stone Mining
24:27 Wheelbarrow
25:30 Gold Shaft Mining
24:57 Heavy Plow
28:22 Imperial Age
26:04 Fletching
26:36 Ballistics
26:47 Bodkin Arrow
26:53 Padded Archer Armor
28:04 Hand Cart
28:01 Town Watch
29:14 Yeomen
29:11 Bracer
30:22 Two-Man Saw
29:23 Town Patrol
30:42 Chemistry
29:59 Leather Archer Armor
31:00 Conscription
31:02 Elite Longbowman
31:46 Pikeman
32:39 Forging
32:29 Scale Mail Armor
32:34 Halberdier
34:11 Iron Casting
35:05 Ring Archer Armor
34:53 Chain Mail Armor
36:42 Blast Furnace
36:12 Squires
36:45 Warwolf
38:45 Ring Archer Armor
38:46 Plate Mail Armor
39:21 Siege Engineers
39:27 Masonry
42:11 Caravan
42:41 Coinage
44:42 Architecture
48:21 Banking
48:01 Guilds
Rain
9:54 Feudal Age
13:33 Castle Age
11:34 Double-Bit Axe
12:04 Horse Collar
20:17 Bow Saw
21:39 Heavy Plow
23:14 Wheelbarrow
24:50 Hand Cart
25:00 Gold Mining
27:53 Imperial Age
26:18 Scale Barding Armor
26:24 Forging
27:33 Gold Shaft Mining
27:27 Chain Barding Armor
28:30 Iron Casting
27:33 Cavalier
28:15 Husbandry
28:25 Bloodlines
29:36 Two-Man Saw
29:28 Conscription
29:49 Plate Barding Armor
29:06 Savar
32:24 Blast Furnace
31:27 Pikeman
31:53 Gambesons
32:08 Squires
31:54 Arson
32:10 Scale Mail Armor
32:01 Halberdier
35:23 Light Cavalry
36:13 Hussar
38:57 Caravan
46:30 Chemistry
45:41 Careening
46:19 Fletching
46:47 Chain Mail Armor
47:39 Murder Holes
47:55 Masonry
47:40 Elite Skirmisher
48:25 Padded Archer Armor
Connection lost

Rejoining the realm…

Still unreachable

The connection could not be restored.

Session expired

The server has moved on; the page needs a fresh start.